AoeStats
← Joaking

Nomad

503746291Analyzed
4v4 RM · 1mo ago on Sep 2, 2026· 55m 11s· 8 players
Game mode
Random Map
Map size
231×231
Population
200
Speed
Normal
Resources
Standard
Victory
Conquest
Starting age
Dark Age
Ending age
Imperial Age
RankedLock teamsTeams togetherTeam positionsShared explorationLock speedFull tech treeHidden civsTurbo modeCheats
Victory
Defeat
🇺🇸 Vikings · United States
1091
+13
🇨🇴 Byzantines · Colombia
1075
+14
🇨🇳 Portuguese · China
1042
+16
🇺🇸 Dravidians · United States
1025
+16
🇺🇸 Vikings · United States
1099
-18
🇵🇪 Berbers · Peru
1048
-16
🇨🇱 Chinese · Chile
1021
-14
🇨🇳 Lithuanians · China
967
-12
Falx
9:17 Loom
12:59 Feudal Age
15:42 Double-Bit Axe
15:40 Horse Collar
19:09 Castle Age
20:04 Bow Saw
19:27 Crossbowman
20:40 Fletching
21:34 Town Watch
24:30 Bodkin Arrow
25:32 Padded Archer Armor
29:48 Leather Archer Armor
40:14 Scale Mail Armor
40:25 Forging
41:07 Chain Mail Armor
41:59 Squires
41:52 Arson
42:32 Heavy Plow
48:08 Imperial Age
46:37 Chain Mail Armor
48:22 Ballistics
48:14 Masonry
48:05 Elite Skirmisher
49:44 Ring Archer Armor
49:15 Bracer
50:25 Chemistry
50:28 Man-at-Arms
50:54 Gambesons
51:29 Long Swordsman
52:44 Two-Handed Swordsman
54:43 Champion
kavobi
6:02 Loom
16:10 Feudal Age
18:10 Double-Bit Axe
23:38 Castle Age
21:22 Horse Collar
21:26 Fishing Lines
22:12 Stone Mining
22:19 Gold Mining
26:16 Gillnets
30:19 Imperial Age
28:30 Bow Saw
28:21 Heavy Plow
31:26 Wheelbarrow
34:02 Conscription
34:03 Hand Cart
36:34 Gold Shaft Mining
36:36 Stone Shaft Mining
37:05 Elite Cataphract
38:29 Scale Barding Armor
39:35 Forging
42:11 Logistica
42:48 Iron Casting
44:10 Chemistry
43:30 Ballistics
45:46 Treadmill Crane
48:50 Chain Barding Armor
54:27 Spies/Treason
Vtinglove
4:17 Loom
14:17 Feudal Age
23:01 Castle Age
20:57 Fletching
21:37 Forging
24:10 Town Watch
25:34 Double-Bit Axe
26:16 Fishing Lines
30:01 Gillnets
33:37 Circumnavigation
33:36 Horse Collar
35:23 Medium Warships
35:53 Heavy Plow
36:05 Bow Saw
37:20 Bodkin Arrow
37:26 Padded Archer Armor
40:43 Wheelbarrow
44:18 Imperial Age
42:35 Hand Cart
43:02 Padded Archer Armor
44:35 Gold Mining
44:35 Stone Mining
47:06 Chemistry
47:07 Stone Shaft Mining
48:02 Ballistics
49:28 Siege Engineers
48:47 Elite Organ Gun
51:04 Arquebus
52:52 Conscription
54:33 Siege Engineers
54:36 Spies/Treason
fatmuddybear
5:57 Loom
13:35 Feudal Age
19:19 Castle Age
17:05 Town Watch
20:12 Fletching
21:56 Town Patrol
24:08 Wheelbarrow
25:02 Fishing Lines
26:21 Hand Cart
27:08 Gillnets
32:23 Imperial Age
30:55 Bodkin Arrow
33:28 Conscription
33:10 Bracer
33:48 Ballistics
34:31 Chemistry
34:24 Pikeman
35:05 Squires
36:15 Scale Mail Armor
36:03 Arson
37:47 Chain Mail Armor
37:44 Forging
37:55 Horse Collar
38:03 Halberdier
41:33 Double-Bit Axe
41:52 Heavy Plow
43:35 Plate Mail Armor
43:16 Forging
44:22 Bow Saw
44:05 Gold Mining
45:18 Wootz Steel
45:35 Iron Casting
47:07 Coinage
48:30 Blast Furnace
47:30 Padded Archer Armor
47:49 Elite Elephant Archer
51:15 Leather Archer Armor
52:31 Ring Archer Armor
DIO
5:28 Loom
13:53 Feudal Age
14:23 Arson
14:50 Man-at-Arms
20:26 Forging
28:14 Castle Age
27:47 Scale Barding Armor
28:46 Horse Collar
40:20 Chain Barding Armor
40:36 Iron Casting
41:20 Murder Holes
41:46 Ballistics
41:42 Double-Bit Axe
44:12 Scale Mail Armor
47:31 Imperial Age
46:07 Chain Mail Armor
46:26 Chieftains
49:23 Fletching
culturaparacas
4:20 Loom
13:19 Feudal Age
19:45 Castle Age
19:20 Stone Mining
21:45 Fletching
22:56 Double-Bit Axe
24:59 Bow Saw
31:15 Bodkin Arrow
42:26 Imperial Age
40:41 Horse Collar
44:42 Conscription
45:22 Padded Archer Armor
47:58 Heavy Plow
48:48 Wheelbarrow
49:39 Bracer
49:55 Leather Archer Armor
49:46 Scale Barding Armor
49:52 Forging
51:12 Chemistry
50:33 Ballistics
50:14 Elite Camel Archer
51:31 Bloodlines
51:22 Husbandry
50:44 Light Cavalry
Joaking
4:13 Loom
16:57 Feudal Age
24:44 Castle Age
23:12 Fletching
25:44 Bodkin Arrow
25:58 Thumb Ring
28:39 Scale Mail Armor
28:09 Crossbowman
28:26 Pikeman
30:43 Squires
36:21 Imperial Age
39:27 Imperial Age
39:33 Arbalester
43:25 Chemistry
43:16 Ballistics
47:58 Bracer
清澄和衔蝉
4:03 Loom
13:59 Feudal Age
15:13 Gold Mining
15:52 Double-Bit Axe
18:31 Fletching
25:38 Castle Age
26:21 Horse Collar
28:08 Bow Saw
34:53 Wheelbarrow
34:52 Scale Barding Armor
38:52 Imperial Age
36:42 Bloodlines
37:37 Chain Barding Armor
38:54 Forging
40:21 Squires
40:38 Crossbowman
40:41 Elite Skirmisher
41:37 Bodkin Arrow
44:16 Bracer
44:44 Padded Archer Armor
Connection lost

Rejoining the realm…

Still unreachable

The connection could not be restored.

Session expired

The server has moved on; the page needs a fresh start.